| TOP OF THE 1ST |
|
Rome Braves batting - Pitching for Boise Hawks : LHP Mike Pierce
|
|
Pitching: LHP Mike Pierce
|
|
|
Batting: RHB Carlos Livas
|
0-0: Ball 1-0: DOUBLE (Line Drive, 78D, EV 101.9 MPH)
|
|
Batting: LHB Adam Hairston
|
0-0: Called Strike 0-1: Ball 1-1: Foul Ball, location: 2F 1-2: Strikes out swinging
|
|
Batting: RHB Mike Velazquez
|
0-0: Ball Carlos Livas steals 3rd base 1-0: Called Strike 1-1: Ball 2-1: Fly out, F9 (Flyball, 89D, EV 94.4 MPH) Runner from 3rd tags up, SCORES, no throw by RF
|
|
Batting: RHB Manny Hensley
|
0-0: Ground out U3 (Groundball, 34, EV 88.1 MPH)
|
| Top of the 1st over - 1 run, 1 hit, 0 errors, 0 left on base; Rome 1 - Boise 0 |
| BOTTOM OF THE 1ST |
|
Boise Hawks batting - Pitching for Rome Braves : RHP Pu-la Yun
|
|
Pitching: RHP Pu-la Yun
|
|
|
Batting: RHB Josh Lofgreen
|
0-0: Ball 1-0: Ball 2-0: Ball 3-0: Called Strike 3-1: Ground out 6-3 (Groundball, 56, EV 106.2 MPH)
|
|
Batting: RHB Kevin McKasson
|
0-0: Ground out 5-3 (Groundball, 15, EV 91.9 MPH)
|
|
Batting: LHB Jason Ryan
|
0-0: Called Strike 0-1: Ground out 6-3 (Groundball, 6, EV 90.0 MPH)
|
| Bottom of the 1st over - 0 runs, 0 hits, 0 errors, 0 left on base; Rome 1 - Boise 0 |
| TOP OF THE 2ND |
|
Rome Braves batting - Pitching for Boise Hawks : LHP Mike Pierce
|
|
Batting: RHB Tony Cabrera
|
0-0: Called Strike 0-1: Ground out 5-3 (Groundball, 56S, EV 90.0 MPH)
|
|
Batting: RHB Yutaka Yamane
|
0-0: Called Strike 0-1: Swinging Strike 0-2: Ball 1-2: Strikes out looking
|
|
Batting: RHB Gebre-Giorgios Wangondu
|
0-0: Ball 1-0: Ball 2-0: Ball 3-0: Called Strike 3-1: Fly out, F7 (Flyball, 7, EV 82.5 MPH)
|
| Top of the 2nd over - 0 runs, 0 hits, 0 errors, 0 left on base; Rome 1 - Boise 0 |
| BOTTOM OF THE 2ND |
|
Boise Hawks batting - Pitching for Rome Braves : RHP Pu-la Yun
|
|
Batting: RHB Justin Garrett
|
0-0: Ball 1-0: Fly out, F8 (Flyball, 8RD, EV 86.9 MPH)
|
|
Batting: RHB Manny Thompson
|
0-0: Ball 1-0: Ball 2-0: Called Strike 2-1: Called Strike 2-2: Strikes out swinging
|
|
Batting: SHB Justin Jackson
|
0-0: Foul Ball, location: 2F 0-1: Ball 1-1: Ball 2-1: Ball 3-1: Base on Balls
|
|
Batting: RHB Carlos de Jesus
|
0-0: Called Strike 0-1: Foul Ball, location: 2F 0-2: Ball 1-2: Ball 2-2: Ball 3-2: 2-RUN HOME RUN (Line Drive, 89XD, EV 99.4 MPH), Distance : 394 ft
|
|
Batting: RHB Chris Kinder
|
0-0: Ball 1-0: SINGLE (Groundball, 6D, EV 98.1 MPH)
|
|
Batting: RHB Bob Hayes
|
0-0: Called Strike 0-1: Ball 1-1: Swinging Strike 1-2: Foul Ball, location: 2F 1-2: Strikes out swinging
|
| Bottom of the 2nd over - 2 runs, 2 hits, 0 errors, 1 left on base; Rome 1 - Boise 2 |
| TOP OF THE 3RD |
|
Rome Braves batting - Pitching for Boise Hawks : LHP Mike Pierce
|
|
Batting: LHB Diego Garcia
|
0-0: Swinging Strike 0-1: Swinging Strike 0-2: Ball 1-2: Foul Ball, location: 2F 1-2: Ground out 3-1 (Groundball, 34, EV 85.0 MPH)
|
|
Batting: LHB Ivan Castillo
|
0-0: Swinging Strike 0-1: DOUBLE (Flyball, 8RD, EV 93.8 MPH)
|
|
Batting: RHB Carlos Livas
|
0-0: Ball 1-0: Fly out, F8 (Line Drive, 8RD, EV 92.5 MPH)
|
|
Batting: LHB Adam Hairston
|
0-0: Ball 1-0: Ball 2-0: Foul Ball, location: 2F 2-1: Foul Ball, location: 2F 2-2: Foul Ball, location: 2F 2-2: Foul Ball, location: 2F 2-2: SINGLE (Line Drive, 78S, EV 91.2 MPH) Ivan Castillo to third Runner from 3rd tries for Home, SAFE, throw by LF to home
|
|
Batting: RHB Mike Velazquez
|
Pickoff Throw to First - Out! 1-3
|
| Top of the 3rd over - 1 run, 2 hits, 0 errors, 0 left on base; Rome 2 - Boise 2 |
| BOTTOM OF THE 3RD |
|
Boise Hawks batting - Pitching for Rome Braves : RHP Pu-la Yun
|
|
Batting: RHB Josh Lofgreen
|
0-0: Ball 1-0: Ball 2-0: DOUBLE (Line Drive, 7LM, EV 105.0 MPH)
|
|
Batting: RHB Kevin McKasson
|
0-0: Ball 1-0: Foul Ball, location: 2F 1-1: Ball 2-1: Swinging Strike 2-2: Ball 3-2: Strikes out looking
|
|
Batting: LHB Jason Ryan
|
0-0: Ground out 6-3 (Groundball, 6, EV 80.6 MPH) Josh Lofgreen to third
|
|
Batting: RHB Justin Garrett
|
0-0: Called Strike 0-1: Foul Ball, location: 2F 0-2: Foul Ball, location: 2F 0-2: Ball 1-2: DOUBLE (Line Drive, 7LM, EV 103.8 MPH) Josh Lofgreen scores
|
|
Batting: RHB Manny Thompson
|
0-0: Ball 1-0: Foul Ball, location: 2F 1-1: Fly out, F8 (Flyball, 8LS, EV 93.1 MPH)
|
| Bottom of the 3rd over - 1 run, 2 hits, 0 errors, 1 left on base; Rome 2 - Boise 3 |
| TOP OF THE 4TH |
|
Rome Braves batting - Pitching for Boise Hawks : LHP Mike Pierce
|
|
Batting: RHB Mike Velazquez
|
0-0: Ball 1-0: Foul Ball, location: 2F 1-1: Swinging Strike 1-2: DOUBLE (Line Drive, 89D, EV 106.9 MPH)
|
|
Batting: RHB Manny Hensley
|
0-0: Ball 1-0: Ball 2-0: Ball 3-0: Base on Balls
|
|
Batting: RHB Tony Cabrera
|
0-0: Ball 1-0: Ball Wild Pitch! Mike Velazquez to third Manny Hensley to second 2-0: Ball 3-0: Called Strike 3-1: Fly out, F4 (Popup, 23, EV 91.2 MPH)
|
|
Batting: RHB Yutaka Yamane
|
0-0: Ball 1-0: Foul Ball, location: 2F 1-1: Ball 2-1: Ball 3-1: Base on Balls
|
|
Batting: RHB Gebre-Giorgios Wangondu
|
0-0: Called Strike 0-1: Swinging Strike 0-2: Foul Ball, location: 2F 0-2: Fielders Choice at 2nd, 3-6 (Groundball, 34S, EV 90.6 MPH) Mike Velazquez scores Manny Hensley to third
|
|
Batting: LHB Diego Garcia
|
0-0: Ball Gebre-Giorgios Wangondu steals 2nd base 1-0: Fly out, F6 (Popup, 6MD, EV 43.1 MPH)
|
| Top of the 4th over - 1 run, 1 hit, 0 errors, 2 left on base; Rome 3 - Boise 3 |
| BOTTOM OF THE 4TH |
|
Boise Hawks batting - Pitching for Rome Braves : RHP Pu-la Yun
|
|
Batting: SHB Justin Jackson
|
0-0: Ball 1-0: Fly out, F7 (Flyball, 7LS, EV 90.0 MPH)
|
|
Batting: RHB Carlos de Jesus
|
0-0: Ball 1-0: Ball 2-0: Called Strike 2-1: Ball 3-1: SINGLE (Groundball, 4D, EV 100.6 MPH)
|
|
Batting: RHB Chris Kinder
|
0-0: Grounds into double play, 4-6-3 (Groundball, 34, EV 80.0 MPH)
|
| Bottom of the 4th over - 0 runs, 1 hit, 0 errors, 0 left on base; Rome 3 - Boise 3 |
| TOP OF THE 5TH |
|
Rome Braves batting - Pitching for Boise Hawks : LHP Mike Pierce
|
|
Batting: LHB Ivan Castillo
|
0-0: Ball 1-0: Ball 2-0: Called Strike 2-1: Ball 3-1: Base on Balls
|
|
Batting: RHB Carlos Livas
|
0-0: Ball Ivan Castillo is caught stealing 2nd base 2-4 1-0: Called Strike 1-1: Foul Ball, location: 2F 1-2: Ball 2-2: Foul Ball, location: 2F 2-2: Ground out 5-3 (Groundball, 5, EV 91.9 MPH)
|
|
Batting: LHB Adam Hairston
|
0-0: SINGLE (Groundball, 34D, EV 96.2 MPH)
|
|
Batting: RHB Mike Velazquez
|
0-0: Ball 1-0: Ball 2-0: Foul Ball, location: 2F 2-1: Ball 3-1: Called Strike 3-2: Base on Balls Adam Hairston to second
|
|
Pitching: LHP Josh Alvarez
|
|
|
Batting: RHB Manny Hensley
|
0-0: Called Strike 0-1: Ball 1-1: Swinging Strike 1-2: Foul Ball, location: 2F 1-2: Strikes out swinging
|
| Top of the 5th over - 0 runs, 1 hit, 0 errors, 2 left on base; Rome 3 - Boise 3 |
| BOTTOM OF THE 5TH |
|
Boise Hawks batting - Pitching for Rome Braves : RHP Pu-la Yun
|
|
Batting: RHB Bob Hayes
|
0-0: Foul Ball, location: 2F 0-1: Ball 1-1: Fly out, F5 (Popup, 5L, EV 77.5 MPH)
|
|
Batting: RHB Josh Lofgreen
|
0-0: Ball 1-0: Foul Ball, location: 2F 1-1: Called Strike 1-2: Ball 2-2: Foul Ball, location: 2F 2-2: Ball 3-2: Base on Balls
|
|
Batting: RHB Kevin McKasson
|
0-0: Called Strike 0-1: Swinging Strike 0-2: Ball 1-2: Grounds out, U3 (Groundball, 3L, EV 80.6 MPH)
|
|
Batting: LHB Jason Ryan
|
0-0: Ball 1-0: Ball 2-0: Ball 3-0: Called Strike 3-1: Base on Balls
|
|
Batting: RHB Justin Garrett
|
0-0: Ball Wild Pitch! Josh Lofgreen to third Jason Ryan to second 1-0: Ball 2-0: Ball 3-0: Base on Balls
|
|
Batting: RHB Manny Thompson
|
0-0: Ball 1-0: SINGLE (Groundball, 56, EV 80.6 MPH) (infield hit) Josh Lofgreen scores Jason Ryan to third Justin Garrett to second
|
|
Batting: SHB Justin Jackson
|
0-0: Called Strike 0-1: Ball 1-1: Ball 2-1: Foul Ball, location: 2F 2-2: SINGLE (Flyball, 8RS, EV 87.5 MPH) Jason Ryan scores Justin Garrett to third Manny Thompson to second Runner from 3rd tries for Home, SAFE, throw by CF to home
|
|
Pitching: LHP Alejandro Rivera
|
|
|
Batting: RHB Carlos de Jesus
|
0-0: Called Strike 0-1: Ball 1-1: Ball 2-1: Fly out, F9 (Flyball, 89S, EV 86.2 MPH)
|
| Bottom of the 5th over - 3 runs, 2 hits, 0 errors, 2 left on base; Rome 3 - Boise 6 |
| TOP OF THE 6TH |
|
Rome Braves batting - Pitching for Boise Hawks : LHP Josh Alvarez
|
|
Batting: RHB Tony Cabrera
|
0-0: Ball 1-0: Ground out 5-3 (Groundball, 5, EV 81.9 MPH)
|
|
Batting: RHB Yutaka Yamane
|
0-0: Swinging Strike 0-1: Ball 1-1: Ground out 1-3 (Groundball, P, EV 58.1 MPH)
|
|
Batting: RHB Gebre-Giorgios Wangondu
|
0-0: Called Strike 0-1: Called Strike 0-2: Ball 1-2: Ball 2-2: Strikes out swinging
|
| Top of the 6th over - 0 runs, 0 hits, 0 errors, 0 left on base; Rome 3 - Boise 6 |
| BOTTOM OF THE 6TH |
|
Boise Hawks batting - Pitching for Rome Braves : LHP Alejandro Rivera
|
|
Batting: RHB Chris Kinder
|
0-0: Foul Ball, location: 2F 0-1: Ball 1-1: Ground out 5-3 (Groundball, 5, EV 93.1 MPH)
|
|
Batting: RHB Bob Hayes
|
0-0: Foul Ball, location: 2F 0-1: Ball 1-1: DOUBLE (Line Drive, 3D, EV 99.4 MPH)
|
|
Batting: RHB Josh Lofgreen
|
0-0: Ball 1-0: Swinging Strike 1-1: Foul Ball, location: 2F 1-2: Foul Ball, location: 2F 1-2: Ball 2-2: Strikes out swinging
|
|
Batting: RHB Kevin McKasson
|
0-0: Called Strike 0-1: Foul Ball, location: 2F 0-2: Foul Ball, location: 2F 0-2: Ground out 4-3 (Groundball, 4, EV 86.9 MPH)
|
| Bottom of the 6th over - 0 runs, 1 hit, 0 errors, 1 left on base; Rome 3 - Boise 6 |
| TOP OF THE 7TH |
|
Rome Braves batting - Pitching for Boise Hawks : LHP Josh Alvarez
|
|
Batting: LHB Diego Garcia
|
0-0: Called Strike 0-1: Ball 1-1: Foul Ball, location: 2F 1-2: Ball 2-2: Foul Ball, location: 2F 2-2: Fly out, F8 (Flyball, 8LD, EV 93.8 MPH)
|
|
Batting: LHB Ivan Castillo
|
0-0: Ball 1-0: Ground out 6-3 (Groundball, 6, EV 84.4 MPH)
|
|
Batting: RHB Carlos Livas
|
0-0: Ball 1-0: Called Strike 1-1: Ball 2-1: Foul Ball, location: 2F 2-2: Ball 3-2: Fly out, F8 (Flyball, 8RD, EV 92.5 MPH)
|
| Top of the 7th over - 0 runs, 0 hits, 0 errors, 0 left on base; Rome 3 - Boise 6 |
| BOTTOM OF THE 7TH |
|
Boise Hawks batting - Pitching for Rome Braves : LHP Alejandro Rivera
|
|
Batting: LHB Jason Ryan
|
0-0: Ball 1-0: Called Strike 1-1: Fly out, F9 (Line Drive, 9LM, EV 97.5 MPH)
|
|
Batting: RHB Justin Garrett
|
0-0: Called Strike 0-1: Swinging Strike 0-2: Strikes out swinging
|
|
Batting: RHB Manny Thompson
|
0-0: SINGLE (Groundball, 34D, EV 106.2 MPH)
|
|
Pitching: RHP Armando Padron
|
|
|
Batting: SHB Justin Jackson
|
0-0: Foul Ball, location: 2F 0-1: Foul Ball, location: 2F 0-2: Strikes out looking
|
| Bottom of the 7th over - 0 runs, 1 hit, 0 errors, 1 left on base; Rome 3 - Boise 6 |
| TOP OF THE 8TH |
|
Rome Braves batting - Pitching for Boise Hawks : LHP Josh Alvarez
|
|
Batting: LHB Adam Hairston
|
0-0: Called Strike 0-1: Fly out, F7 (Flyball, 78M, EV 91.2 MPH)
|
|
Batting: RHB Mike Velazquez
|
0-0: Foul Ball, location: 2F 0-1: Ball 1-1: Called Strike 1-2: Hit by Pitch
|
|
Batting: RHB Manny Hensley
|
0-0: Reached on error, E6 (Groundball, 6, EV 106.2 MPH) Mike Velazquez to second
|
|
Pitching: RHP Tanner Brazeal
|
|
|
Pinch Hitting: LHB Shigeru Ono
|
0-0: Ball 1-0: Grounds into double play, 3-6-1 (Groundball, 34, EV 101.9 MPH)
|
| Top of the 8th over - 0 runs, 0 hits, 1 error, 1 left on base; Rome 3 - Boise 6 |
| BOTTOM OF THE 8TH |
|
Boise Hawks batting - Pitching for Rome Braves : RHP Armando Padron
|
|
Now in LF: Shigeru Ono
|
|
|
Batting: RHB Carlos de Jesus
|
0-0: Foul Ball, location: 2F 0-1: Swinging Strike 0-2: Strikes out swinging
|
|
Batting: RHB Chris Kinder
|
0-0: Ball 1-0: Foul Ball, location: 2F 1-1: Swinging Strike 1-2: Ground out 6-3 (Groundball, 56, EV 101.2 MPH)
|
|
Batting: RHB Bob Hayes
|
0-0: Foul Ball, location: 2F 0-1: Ball 1-1: Called Strike 1-2: Strikes out swinging
|
| Bottom of the 8th over - 0 runs, 0 hits, 0 errors, 0 left on base; Rome 3 - Boise 6 |
| TOP OF THE 9TH |
|
Rome Braves batting - Pitching for Boise Hawks : RHP Tanner Brazeal
|
|
Batting: RHB Yutaka Yamane
|
0-0: Ball 1-0: Ball 2-0: Ball 3-0: Base on Balls
|
|
Batting: RHB Gebre-Giorgios Wangondu
|
0-0: Ball 1-0: Ball 2-0: Ball 3-0: Called Strike 3-1: Called Strike 3-2: Foul Ball, location: 2F 3-2: Strikes out swinging
|
|
Batting: LHB Diego Garcia
|
0-0: Ball 1-0: Foul Ball, location: 2F 1-1: Fly out, F7 (Flyball, 7D, EV 82.5 MPH)
|
|
Batting: LHB Ivan Castillo
|
0-0: Ball Wild Pitch! Yutaka Yamane to second 1-0: SINGLE (Line Drive, 56D, EV 95.0 MPH) Yutaka Yamane to third
|
|
Batting: RHB Carlos Livas
|
0-0: SINGLE (Line Drive, 89M, EV 98.8 MPH) Yutaka Yamane scores Ivan Castillo to second
|
|
Batting: LHB Adam Hairston
|
0-0: Fly out, F7 (Flyball, 7D, EV 104.4 MPH)
|
| Top of the 9th over - 1 run, 2 hits, 0 errors, 2 left on base; Rome 4 - Boise 6 |
|